 Dungeon Crawl Stone Soup version 0.14-a0-2061-g6c6fb9c (webtiles) character file.

345 Egon the Skirmisher (level 5, -1/70 HPs)
             Began as a Draconian Berserker on Jan 22, 2014.
             Was a Believer of Trog.
             Slain by a gnoll
             ... wielding a +2,+2 spear of piercing
              (4 damage)
             ... on Level 4 of the Dungeon.
             The game lasted 00:06:22 (2250 turns).

Egon the Skirmisher (Draconian Berserker)           Turns: 2250, Time: 00:06:24

HP  -1/70        AC  7     Str 24      XL: 5   Next: 27%
MP   5/5         EV 13     Int  7      God: Trog [**....]
Gold 173         SH  0     Dex 12      Spells:  0 memorised,  4 levels left

rFire  . . .     SeeInvis .     a - +1,+2 dwarf hand axe
rCold  . . .     Clarity  .     (armour unavailable)
rNeg   . . .     Conserve .     (no shield)
rPois  .         rCorr    .     (helmet restricted)
rElec  .         rRot     .     (no cloak)
SustAb . .       Spirit   .     t - +1 pair of gloves
rMut   .         Warding  .     (no boots)
Saprov . . .     Stasis   .     (no amulet)
MR     .....                    (no ring)
                                (no ring)

@: berserking, glowing, very quick, not resistant to hostile enchantments,
extremely unstealthy
A: unfitting armour, AC +5
a: Burn Spellbooks, Berserk, Trog's Hand, Renounce Religion


You were on level 4 of the Dungeon.
You worshipped Trog.
Trog was pleased with you.
You were hungry.

You visited 1 branch of the dungeon, and saw 4 of its levels.

You collected 173 gold pieces.

Inventory:

Hand weapons
 a - a +1,+2 dwarven hand axe (weapon)
 r - a +0,+0 hand axe
Armour
 t - a +1 pair of gloves (worn)
Comestibles
 c - 2 bread rations
 h - 2 meat rations
Scrolls
 d - a scroll of amnesia {unknown}
 e - a scroll of blinking {unknown}
 g - 5 scrolls of identify {unknown}
 j - 3 scrolls of remove curse {unknown}
 k - 2 scrolls of enchant armour {unknown}
 o - a scroll of fear {unknown}
 q - a scroll of teleportation {unknown}
 s - a scroll of curse jewellery {unknown}
 w - a scroll of random uselessness {unknown}
 y - 2 scrolls of enchant weapon II {unknown}
Potions
 b - a potion of degeneration {unknown}
 f - 2 potions of restore abilities {unknown}
 i - 2 potions of curing {unknown}
 m - 2 potions of might {unknown}
 n - 2 potions of heal wounds {unknown}
 p - a potion of brilliance {unknown}
 u - 2 potions of mutation {unknown}
 z - a potion of poison {unknown}


   Skills:
 + Level 4.5 Fighting
 + Level 4.2 Axes
 + Level 3.8 Dodging


You had 4 spell levels left.
You didn't know any spells.

Dungeon Overview and Level Annotations

Branches:
Dungeon (4/16)
 Temple: D:4-7

Altars:
Yredelemnul


Message History

The gnoll hits you but does no damage.
The gnoll shaman calls upon its god to heal the gnoll.
The gnoll's wounds heal themselves!
The gnoll hits you with a whip.
* * * LOW HITPOINT WARNING * * *
The gnoll misses you. The gnoll closely misses you.
You barely miss the gnoll.
Your tail-slap misses the gnoll.
You hit the gnoll shaman.
You kill the gnoll shaman!
Trog accepts your kill. The gnoll hits you with a whip.
* * * LOW HITPOINT WARNING * * *
Unknown command.
You slash the gnoll!
The gnoll is almost dead.
The gnoll misses you.
The gnoll hits you from afar with a spear!
* * * LOW HITPOINT WARNING * * *
The gnoll closely misses you.
The gnoll hits you from afar with a runed spear.
You die...

..#.. #.#.# #.#.# #.#.# #.#.#
############.#.#
.............#.#########
.............#...gg......
#.########......@)gg..... ######
..#........#.###########.# #<....
..#.#####..#.# #.# #####. ..#.#
#..#.# #.# #. ....# #..#.# #.# #.
.#### #..#.# #.# #.
....########.####### #.# #.
...........♣♣♣♣♣♣♣♣# #.#######.
.##.####.#♣♣♣♣♣...♣#####.........


You could see 4 gnolls.

Vanquished Creatures
  A gnoll shaman (D:4)
  Jessica (D:2)
  An ogre skeleton (D:4)
  6 adders
  A worm (D:3)
  2 giant geckos
  2 orcs (D:3)
  7 hobgoblins
  2 quokkas (D:3)
  10 bats
  2 giant cockroaches
  4 goblins
  6 kobolds
  4 rats
49 creatures vanquished.

Notes
Turn   | Place    | Note
--------------------------------------------------------------
     0 | D:1      | Egon, the Draconian Berserker, began the quest for the Orb.
     0 | D:1      | Reached XP level 1. HP: 19/19 MP: 1/1
   341 | D:1      | Reached XP level 2. HP: 26/26 MP: 2/2
   584 | D:2      | Noticed Jessica
   589 | D:2      | Killed Jessica
   610 | D:2      | Reached XP level 3. HP: 33/33 MP: 3/3
  1279 | D:3      | Found a basalt altar of Yredelemnul.
  1334 | D:3      | Reached skill level 4 in Fighting
  1357 | D:3      | Reached XP level 4. HP: 40/40 MP: 4/4
  1362 | D:3      | Acquired Trog's second power
  2079 | D:4      | Reached XP level 5. HP: 24/47 MP: 5/5
  2250 | D:4      | HP: 3/70 [gnoll/spear (7)]
  2250 | D:4      | Slain by a gnoll

Action                   |  1- 3 |  4- 6 || total
-------------------------+-------+-------++-------
Melee: Hand axe          |   102 |    75 ||   177
Invok: Berserk           |     1 |     3 ||     4
